 Dungeon Crawl Stone Soup version 0.24.0-37-gcf1ca852f1 (webtiles) character file.

Game seed: 12359230804497131460, levelgen mode: deterministic

384 grindst0ne the Twirler (level 6, -1/53 HPs)
             Began as a Gnoll Wanderer on Nov 29, 2019.
             Was a Follower of Qazlal.
             Slain by Grinder (5 damage)
             ... on level 3 of the Dungeon.
             The game lasted 00:06:03 (3956 turns).

grindst0ne the Twirler (Gnoll Wanderer)             Turns: 3956, Time: 00:06:03

Health: -1/53      AC:  3    Str: 16    XL:     6   Next: 77%
Magic:  9/9        EV: 13    Int: 11    God:    Qazlal [*.....]
Gold:   95         SH:  1    Dex: 18    Spells: 9/9 levels left

rFire    . . .     SeeInvis .   h - +0 war axe
rCold    . . .     Gourm    .   (no shield)
rNeg     . . .     Faith    .   e - +0 leather armour
rPois    .         Spirit   .   (no helmet)
rElec    .         Reflect  .   (no cloak)
rCorr    .         Harm     .   (no gloves)
MR       .....                  (no boots)
Stlth    +++.......             (no amulet)
HPRegen  0.17/turn              (no ring)
MPRegen  0.11/turn              (no ring)

@: no status effects
A: distributed training, fangs 1, strong nose
a: Renounce Religion


You were on level 3 of the Dungeon.
You worshipped Qazlal.
Qazlal was aware of your devotion.
You were not hungry.

You visited 1 branch of the dungeon, and saw 3 of its levels.

You collected 95 gold pieces.

Inventory:

Hand Weapons
 a - a +0 dagger
 h - a +0 war axe (weapon)
Armour
 e - a +0 leather armour (worn)
Jewellery
 q - an uncursed ring of wizardry
Scrolls
 c - 2 scrolls of teleportation
 g - a scroll of blinking {unknown}
 i - a scroll of amnesia {unknown}
 j - a scroll of remove curse
 n - a scroll of enchant weapon {unknown}
 p - a scroll of immolation {unknown}
Potions
 d - a potion of curing
 m - a potion of flight
 o - a potion of degeneration {unknown}
Comestibles
 f - 7 rations
 k - 2 chunks of flesh


   Skills:
 + Level 6.8 Fighting
 + Level 2.0 Short Blades
 + Level 2.0 Long Blades
 + Level 2.0 Axes
 + Level 2.0 Maces & Flails
 + Level 2.0 Polearms
 + Level 6.8 Staves
 + Level 2.0 Slings
 + Level 2.0 Bows
 + Level 2.0 Crossbows
 + Level 2.0 Throwing
 + Level 2.0 Armour
 + Level 3.3 Dodging
 + Level 6.3 Stealth
 + Level 2.0 Shields
 + Level 2.0 Unarmed Combat
 + Level 2.0 Spellcasting
 + Level 1.6 Conjurations
 + Level 1.6 Hexes
 + Level 1.6 Charms
 + Level 1.6 Summonings
 + Level 1.6 Necromancy
 + Level 1.6 Translocations
 + Level 1.6 Transmutations
 + Level 1.6 Fire Magic
 + Level 1.6 Ice Magic
 + Level 1.6 Air Magic
 + Level 1.6 Earth Magic
 + Level 1.6 Poison Magic
 + Level 2.2 Invocations
 + Level 2.0 Evocations


You had 9 spell levels left.
You didn't know any spells.
Your spell library was empty.

Dungeon Overview and Level Annotations

Branches:
Dungeon (3/15)

Altars:
Qazlal

Annotations:
D:3 Grinder


Innate Abilities, Weirdness & Mutations

Your experience applies equally to all skills.
You have very sharp teeth.
Your uncanny sense of smell can sniff out nearby items.


Message History

Grinder gestures at you.
You suddenly lose the ability to move!
Grinder is engulfed in freezing vapours.
Grinder hits you.
* * * LOW HITPOINT WARNING * * *
You writhe in agony.
* * * LOW HITPOINT WARNING * * *
You can move again.
You feel better.
Grinder is engulfed in freezing vapours.
Grinder hits you!
* * * LOW HITPOINT WARNING * * *
You writhe in agony.
* * * LOW HITPOINT WARNING * * *
It was a potion of cancellation.
You feel magically purged.
Grinder is engulfed in freezing vapours.
Grinder hits you.
* * * LOW HITPOINT WARNING * * *
You writhe in agony.
You die...

......# ##
#.#.#(# .#
...#.## .#
..... .# ....
.# #.(######
.# ##.
#.5..?..# ##
#..##.@.# #
#.#.....# #
#.####.####.#
# ###
#...........#
# #..
#.####†######
# #.#
#......# #
#.# #.######
# #.###.#
#######.....#


You could see Grinder.

Vanquished Creatures
  A sky beast (D:3)
  2 hounds (D:3)
  An orc wizard (D:3)
  5 gnolls (D:3)
  8 adders
  An ooze (D:3)
  2 worms
  2 dart slugs
  4 leopard geckos
  5 orcs (D:3)
  3 bats
  A giant cockroach (D:1)
  7 goblins
  8 hobgoblins
  7 kobolds
  4 quokkas
  4 frilled lizards
  11 rats
76 creatures vanquished.

Notes
Turn   | Place    | Note
-------+----------+-------------------------------------------
     0 | D:1      | grindst0ne the Gnoll Wanderer began the quest for the Orb.
     0 | D:1      | grindst0ne set off with the following items: a +0 dagger, 3
                  | throwing nets, a scroll of teleportation, a potion of
                  | curing, a +0 leather armour, a ration
     0 | D:1      | Reached XP level 1. HP: 23/23 MP: 1/1
   149 | D:1      | Reached XP level 2. HP: 29/29 MP: 2/2
   449 | D:1      | Reached XP level 3. HP: 35/35 MP: 3/3
  1005 | D:2      | Reached skill level 1 in Invocations
  1272 | D:2      | Reached skill level 1 in Short Blades
  1272 | D:2      | Reached skill level 1 in Long Blades
  1272 | D:2      | Reached skill level 1 in Axes
  1272 | D:2      | Reached skill level 1 in Maces & Flails
  1272 | D:2      | Reached skill level 1 in Polearms
  1272 | D:2      | Reached skill level 1 in Slings
  1272 | D:2      | Reached skill level 1 in Bows
  1272 | D:2      | Reached skill level 1 in Crossbows
  1272 | D:2      | Reached skill level 1 in Throwing
  1272 | D:2      | Reached skill level 1 in Armour
  1272 | D:2      | Reached skill level 1 in Shields
  1272 | D:2      | Reached skill level 1 in Unarmed Combat
  1272 | D:2      | Reached skill level 1 in Spellcasting
  1272 | D:2      | Reached skill level 1 in Evocations
  1272 | D:2      | Reached XP level 4. HP: 28/41 MP: 5/5
  1821 | D:2      | Reached skill level 1 in Conjurations
  1821 | D:2      | Reached skill level 1 in Hexes
  1821 | D:2      | Reached skill level 1 in Charms
  1821 | D:2      | Reached skill level 1 in Summonings
  1821 | D:2      | Reached skill level 1 in Necromancy
  1821 | D:2      | Reached skill level 1 in Translocations
  1821 | D:2      | Reached skill level 1 in Transmutations
  1821 | D:2      | Reached skill level 1 in Fire Magic
  1821 | D:2      | Reached skill level 1 in Ice Magic
  1821 | D:2      | Reached skill level 1 in Air Magic
  1821 | D:2      | Reached skill level 1 in Earth Magic
  1821 | D:2      | Reached skill level 1 in Poison Magic
  2375 | D:2      | Found a stormy altar of Qazlal.
  2384 | D:2      | Became a worshipper of Qazlal Stormbringer
  2462 | D:3      | Reached XP level 5. HP: 41/47 MP: 6/6
  2879 | D:3      | Noticed a sky beast
  2903 | D:3      | Killed a sky beast
  3132 | D:3      | Reached XP level 6. HP: 35/53 MP: 8/8
  3872 | D:3      | Reached * piety under Qazlal
  3921 | D:3      | Noticed Grinder
  3953 | D:3      | Paralysed by Grinder for 2 turns
  3956 | D:3      | Slain by Grinder

Levels and vault maps discovered:
D:1:      tarquinn_simple_flora_water_c, layout_loops_ring, serial_forest,
          infiniplex_forest_lined_room_, infiniplex_forest_lined_corner,
          infiniplex_forest_straight_2, infiniplex_forest_end_3,
          infiniplex_forest_clump_medium, infiniplex_forest_lined_2,
          infiniplex_forest_clump_tiny, infiniplex_forest_clump_C, minivault_25,
          minmay_circled_x
D:2:      layout_basic, lemuel_coloured_pillars_altar
D:3:      layout_basic, cheibrodos_gnoll_hut, uniq_grinder

Skill      XL: |  1  2  3  4  5  6 |
---------------+-------------------+-----
Stealth        | 6 |  6.3
Invocations    | 1 2 |  2.2
Short Blades   | 1 2 |  2.0
Long Blades    | 1 2 |  2.0
Axes           | 1 2 |  2.0
Maces & Flails | 1 2 |  2.0
Polearms       | 1 2 |  2.0
Slings         | 1 2 |  2.0
Bows           | 1 2 |  2.0
Crossbows      | 1 2 |  2.0
Throwing       | 1 2 |  2.0
Armour         | 1 2 |  2.0
Shields        | 1 2 |  2.0
Unarmed Combat | 1 2 |  2.0
Spellcasting   | 1 2 |  2.0
Evocations     | 1 2 |  2.0
Conjurations   | 1 |  1.6
Hexes          | 1 |  1.6
Charms         | 1 |  1.6
Summonings     | 1 |  1.6
Necromancy     | 1 |  1.6
Translocations | 1 |  1.6
Transmutations | 1 |  1.6
Fire Magic     | 1 |  1.6
Ice Magic      | 1 |  1.6
Air Magic      | 1 |  1.6
Earth Magic    | 1 |  1.6
Poison Magic   | 1 |  1.6
Dodging        | 3 |  3.3
Fighting       | |  6.8
Staves         | |  6.8

Action                   |  1- 3 |  4- 6 || total
-------------------------+-------+-------++-------
Melee: Dagger            |   102 |   117 ||   219
       Bite              |    15 |    19 ||    34
       Punch             |     1 |     1 ||     2
       War axe           |       |    88 ||    88
Throw: Throwing net      |       |     4 ||     4
  Use: Scroll            |     1 |     2 ||     3
       Potion            |       |     3 ||     3
 Stab: Sleeping          |    12 |     9 ||    21
       Held in net/web   |       |     1 ||     1
  Eat: Chunk             |     1 |     9 ||    10
Armor: Leather armour    |    13 |    30 ||    43
       Skin              |       |    15 ||    15
Dodge: Dodged            |    61 |   132 ||   193
